Map: Ruins of Seras

Players

Bagain

  • Race: Protoss Protoss
  • League: Gold

프묵묵 - Winner!

  • Race: Protoss Protoss
  • League: Silver

VOD

Have the link to the VOD?

Description

Time

  • Played on: Feb. 5, 2016, 4:11 a.m.
  • Length: 8:00
Show
View Real Time Build Order
Export as new Build Order

Bagain Protoss 

Build Orders: 1 Gate Expand 

Get SALT Encoding   

  12  0:01  Probe (Chrono Boost)  
  13  0:12  Probe (Chrono Boost)  
  14  0:22  Pylon  
  14  0:23  Probe (Chrono Boost)  
  15  0:40  Probe (Chrono Boost)  
  15  0:42  Gateway  
  16  0:50  Probe (Chrono Boost)  
  16  0:51  Assimilator  
  17  1:22  Probe (Chrono Boost)  
  18  1:27  Nexus  
  18  1:41  Cybernetics Core  
  18  1:51  Probe (Chrono Boost)  
  18  1:52  Pylon  
  19  1:59  Forge  
  19  2:07  Pylon  
  19  2:13  Probe (Chrono Boost)  
  20  2:15  Assimilator  
  20  2:19  Adept  
  22  2:25  Warp Gate  
  22  2:31  Gateway  
  22  2:39  Probe (Chrono Boost)  
  23  2:45  Pylon  
  23  2:49  Probe (Chrono Boost)  
  23  2:51  Probe (Chrono Boost)  
  25  2:53  Stalker  
  27  3:02  Probe (Chrono Boost)  
  29  3:05  Probe (Chrono Boost)  
  29  3:13  Probe (Chrono Boost)  
  30  3:22  Photon Cannon  
  30  3:26  Mothership Core (Chrono Boost)  
  32  3:28  Stalker  
  34  3:45  Stalker  
  36  3:49  Probe (Chrono Boost)  
  37  3:58  Stalker  
  38  4:13  Gateway  
  38  4:16  Gateway  
  38  4:18  Gateway  
  38  4:19  Probe x2 (Chrono Boost)  
  40  4:30  Pylon, Probe (Chrono Boost)  
  41  4:40  Assimilator  
  41  4:42  Probe x2 (Chrono Boost)  
  41  4:44  Stalker  
  45  4:50  Stalker  
  47  5:02  Twilight Council  
  47  5:03  Probe x2 (Chrono Boost)  
  49  5:14  Stalker x2  
  49  5:17  Sentry  
  49  5:18  Sentry  
  49  5:20  Probe (Chrono Boost)  
  58  5:22  Probe (Chrono Boost)  
  59  5:31  Probe (Chrono Boost)  
  59  5:32  Probe (Chrono Boost)  
  61  5:40  Blink (Chrono Boost)  
  61  5:53  Pylon  
  61  5:55  Probe  
  61  5:57  Photon Cannon, Probe  
  62  5:59  Assimilator  
  62  6:01  Stalker x2  
  67  6:09  Probe  
  68  6:16  Stalker x2  
  72  6:39  Stalker x3  
  72  6:53  Stalker x2  
  70  7:11  Stalker x2  
  70  7:12  Stalker, Photon Cannon  
  70  7:14  Gateway  
  58  7:25  Stalker x2  
  46  7:38  Stalker  
Show
View Real Time Build Order
Export as new Build Order

프묵묵 Protoss - Winner!

Build Orders:  

Get SALT Encoding   

  12  0:01  Probe (Chrono Boost)  
  13  0:11  Probe (Chrono Boost)  
  14  0:22  Probe (Chrono Boost)  
  14  0:24  Pylon  
  15  0:42  Probe (Chrono Boost)  
  16  0:47  Gateway  
  16  0:53  Probe (Chrono Boost)  
  17  1:01  Pylon  
  17  1:03  Probe (Chrono Boost)  
  18  1:13  Pylon  
  18  1:18  Probe (Chrono Boost), Assimilator  
  19  1:29  Probe (Chrono Boost)  
  20  1:33  Cybernetics Core  
  20  1:39  Probe (Chrono Boost)  
  21  1:50  Probe (Chrono Boost)  
  22  2:03  Nexus  
  22  2:10  Warp Gate (Chrono Boost)  
  22  2:13  Assimilator  
  22  2:14  Probe (Chrono Boost)  
  23  2:25  Probe (Chrono Boost)  
  24  2:36  Pylon  
  24  2:44  Gateway  
  24  2:46  Gateway  
  24  2:56  Stargate  
  24  2:57  Probe  
  25  3:09  Probe  
  26  3:15  Probe  
  27  3:25  Probe  
  27  3:32  Stalker  
  30  3:36  Probe  
  30  3:39  Void Ray (Chrono Boost)  
  35  3:46  Probe  
  35  3:48  Assimilator  
  35  3:53  Probe  
  36  3:59  Pylon  
  36  4:12  Protoss Air Weapons Level 1 (Chrono Boost), Void Ray (Chrono Boost)  
  40  4:19  Probe  
  40  4:22  Pylon  
  41  4:30  Stalker  
  43  4:31  Zealot, Probe  
  46  4:44  Assimilator  
  46  4:48  Void Ray, Probe  
  46  4:52  Stalker  
  49  4:56  Zealot  
  55  5:10  Stalker  
  57  5:15  Pylon  
  57  5:20  Pylon  
  57  5:25  Void Ray  
  57  5:34  Stalker  
  63  5:36  Sentry  
  64  5:47  Pylon  
  64  5:53  Stalker  
  66  6:00  Adept x2  
  70  6:09  Void Ray  
  70  6:25  Adept x3  
  72  6:48  Adept x3  
  72  6:50  Void Ray  
  70  7:20  Stalker x3  
  72  7:49  Adept x3  
Tags
 
Matchup
PvP
Replay Pack
rep
Add a new tag
Caveats
  • Supply blocks, unpowered buildings, or Contaminate may cause inaccurate times.
  • Supply counts are checked every 10 seconds.